Map: Abyssal Reef LE

Players

reutak - Winner!

  • Race: Protoss Protoss
  • League: Gold
  • Spawn Location: 11:00

Yata

  • Race: Zerg Zerg
  • League: Bronze
  • Spawn Location: 5:00

VOD

Have the link to the VOD?

Description

Time

  • Played on: July 10, 2017, 4:48 p.m.
  • Length: 9:27
Show
View Real Time Build Order
Export as new Build Order

reutak Protoss - Winner!

Build Orders: Mass Adepts 

Get SALT Encoding   

  12  0:02  Probe (Chrono Boost)  
  13  0:19  Probe (Chrono Boost)  
  13  0:21  Pylon  
  14  0:29  Probe (Chrono Boost)  
  15  0:40  Probe (Chrono Boost)  
  16  0:46  Gateway  
  17  0:57  Probe (Chrono Boost)  
  17  1:07  Probe (Chrono Boost)  
  17  1:09  Assimilator  
  18  1:13  Assimilator  
  18  1:18  Probe (Chrono Boost)  
  19  1:24  Gateway  
  19  1:33  Zealot  
  21  1:42  Cybernetics Core  
  21  1:44  Probe (Chrono Boost)  
  22  1:49  Pylon  
  22  1:55  Probe (Chrono Boost)  
  23  2:08  Probe (Chrono Boost)  
  24  2:11  Pylon  
  24  2:24  Adept  
  24  2:25  Adept  
  24  2:26  Warp Gate (Chrono Boost)  
  28  2:38  Mothership Core  
  29  2:56  Pylon  
  29  2:59  Probe  
  30  3:06  Adept  
  30  3:07  Adept  
  34  3:12  Gateway  
  34  3:27  Probe  
  35  3:39  Probe  
  34  3:43  Adept x2  
  36  4:09  Nexus  
  36  4:16  Twilight Council  
  36  4:30  Adept x3  
  42  4:38  Probe  
  43  4:46  Pylon  
  43  4:50  Probe  
  44  4:57  Adept  
  46  5:08  Pylon  
  46  5:21  Probe  
  46  5:22  Probe  
  48  5:32  Twilight Council  
  48  5:34  Probe  
  48  5:35  Probe  
  50  5:45  Adept x2, Probe  
  50  5:46  Adept  
  50  5:47  Probe  
  58  5:50  Resonating Glaives (Chrono Boost)  
  58  5:57  Probe  
  58  5:59  Probe  
  60  6:09  Probe  
  51  6:29  Stalker x3  
  53  6:37  Gateway, Probe x2  
  53  6:38  Gateway  
  55  6:40  Gateway  
  55  6:42  Assimilator  
  55  6:53  Adept  
  55  6:54  Adept x2  
  61  6:58  Probe x2  
  63  7:05  Pylon  
  63  7:10  Probe x2  
  65  7:16  Adept  
  65  7:17  Adept x2  
  71  7:36  Sentry  
  73  7:40  Adept x4  
  81  7:47  Probe  
  81  7:48  Probe  
  83  7:53  Robotics Facility  
  83  7:59  Probe  
  83  8:04  Pylon  
  83  8:05  Assimilator  
  74  8:23  Probe x2  
  76  8:43  Nexus  
  76  8:45  Pylon  
  76  8:46  Probe x2  
  82  9:16  Adept x2  
  86  9:17  Adept x4  
Show
View Real Time Build Order
Export as new Build Order

Yata Zerg 

Build Orders: Hatch First 

Get SALT Encoding   

  12  0:01  Drone  
  13  0:13  Overlord  
  13  0:17  Drone  
  14  0:32  Drone x2  
  16  0:35  Drone  
  17  0:55  Hatchery  
  16  1:03  Drone x2  
  18  1:07  Extractor  
  17  1:25  Spawning Pool  
  16  1:31  Drone x3  
  19  1:47  Overlord  
  19  1:54  Drone  
  20  2:11  Queen  
  20  2:12  Metabolic Boost  
  20  2:13  Queen  
  24  2:16  Zergling x4  
  26  2:53  Drone  
  26  2:54  Drone x5  
  31  3:21  Zergling x6  
  30  3:55  Queen  
  32  3:58  Overlord x2  
  32  4:04  Lair  
  32  4:15  Baneling Nest  
  31  4:36  Drone x7  
  31  4:37  Drone x5  
  43  4:47  Zergling x2  
  43  4:59  Zergling x2  
  44  5:00  Zergling x8  
  47  5:12  Zergling x8  
  50  5:20  Zergling x4  
  47  5:31  Zergling x2  
  32  5:43  Zergling x2  
  32  5:44  Zergling x6  
  35  5:55  Zergling x2  
  35  5:56  Zergling x6  
  37  6:21  Queen  
  37  6:22  Queen  
  38  6:49  Hatchery  
  37  6:57  Hydralisk Den  
  37  6:58  Pneumatized Carapace  
  36  7:01  Overlord  
  36  7:02  Overlord  
  33  7:35  Baneling  
  33  7:36  Baneling x11  
  33  7:41  Extractor  
  33  7:43  Drone x9  
  41  7:45  Drone x2  
  43  7:59  Zergling x2  
  43  8:00  Zergling x4  
  44  8:09  Zergling x16  
  46  8:31  Hydralisk x6  
Tags
 
Composition
Mass Adepts
Matchup
PvZ
Replay Pack
Pack 1
Spawn Locations
Cross Positions
Add a new tag
Caveats
  • Supply blocks, unpowered buildings, or Contaminate may cause inaccurate times.
  • Supply counts are checked every 10 seconds.